 Dungeon Crawl Stone Soup version 0.17-a0-1945-gfe993df (webtiles) character file.

42 Gruud the Charmwright (level 3, -3/27 HPs)
             Began as a Demonspawn Skald on Sept 30, 2015.
             Slain by a gnoll
             ... wielding a +0 spear
              (6 damage)
             ... on level 2 of the Dungeon.
             The game lasted 00:02:59 (467 turns).

Gruud the Charmwright (Demonspawn Skald)             Turns: 467, Time: 00:03:00

Health: -3/27      AC:  6    Str: 12    XL:     3   Next: 33%
Magic:  1/6        EV:  9    Int: 14    God:
Gold:   27         SH:  0    Dex: 14    Spells: 3 memorised, 1 level left

rFire  . . .     SeeInvis .     a - +0 hand axe
rCold  . . .     Clarity  .     j - +0 scale mail
rNeg   . . .     SustAt   .     (no shield)
rPois  .         Gourm    .     (no helmet)
rElec  .         Spirit   .     (no cloak)
rCorr  .         Warding  .     (no gloves)
rMut   .         Stasis   .     (no boots)
MR     .....                    (no amulet)
Stlth  +.........               (no ring)
                                (no ring)

@: infused, very slightly contaminated, not resistant to hostile enchantments,
very unstealthy
A: thin skeletal structure 1
a: no special abilities


You were on level 2 of the Dungeon.
You were not hungry.

You visited 1 branch of the dungeon, and saw 2 of its levels.

You collected 27 gold pieces.

Inventory:

Hand weapons
 a - a +0 hand axe (weapon)
 h - a +0 hunting sling
Missiles
 g - 35 stones (quivered)
Armour
 b - a +0 leather armour
 j - a +0 scale mail (worn)
Scrolls
 e - a scroll of noise {unknown}
 f - a scroll of enchant armour {unknown}
 l - a scroll of magic mapping {unknown}
Potions
 i - 2 potions of curing {unknown}
 k - a potion of flight {unknown}
 o - a potion of invisibility {unknown}
Books
 c - a book of Battle

   Spells                             Type                      Level
   a - Infusion                       Charms                       1
   b - Shroud of Golubria             Charms/Translocation         2
   c - Song of Slaying                Charms                       2
   d - Spectral Weapon                Hexes/Charms                 3
   e - Regeneration                   Charms/Necromancy            3
Comestibles
 d - a bread ration
 m - a chunk of flesh
 n - 4 fruits


   Skills:
 - Level 2.0 Fighting
 * Level 3.0 Axes
 - Level 0.8 Armour
 - Level 0.8 Dodging
 - Level 2.0 Spellcasting
 + Level 3.1 Charms


You had one spell level left.
You knew the following spells:

 Your Spells              Type           Power        Failure   Level  Hunger
a - Infusion              Chrm           ##....       38%         1    ##.....
b - Shroud of Golubria    Chrm/Tloc      #.........   89%         2    ###....
c - Song of Slaying       Chrm           ##......     58%         2    ###....


Dungeon Overview and Level Annotations

Branches:
Dungeon (2/15)

Altars:


Innate Abilities, Weirdness & Mutations

You have a somewhat thin skeletal structure (Dex +2, Stealth).


Message History

You hit the giant cockroach.
The giant cockroach is almost dead.
The giant cockroach barely misses you. The gnoll hits you but does no damage.
The gnoll hits you from afar with a spear.
* * * LOW HITPOINT WARNING * * *
The giant cockroach completely misses you.
You slash the gnoll!
You kill the gnoll!
Your Axes skill increases to level 3!
You hit the giant cockroach.
You kill the giant cockroach!
The gnoll hits you but does no damage. The gnoll hits you but does no damage.
Things that are here:
a club; a gnoll corpse; a rat corpse You barely miss the gnoll.
The gnoll hits you but does no damage.
You hit the gnoll.
The gnoll is heavily wounded.
The gnoll hits you with a spear.
You die...

#.......#..# #.# #.......#..#
#....$.... ......# #.......#...##
#.##.....# #.....# #.........#...
...#.....# #.....#
#........##.####..#.....# #......
#..............#..#.....# #..)...
###.##.........#......<.###......
..............)#.# ####.s........
......<........#@###.............
....)).........#g#..........####.
..........##'###'#..........#
#.........#........g........#
#........##..†..............#
.........##.........###.....##
.........##....÷.............#
.........##..................#
.........##............#.....#


You could see a gnoll.

Vanquished Creatures
  2 gnolls (D:2)
  A worm (D:2)
  A giant gecko (D:2)
  3 bats
  3 giant cockroaches
  A goblin (D:2)
  2 hobgoblins
  2 kobolds (D:2)
  A quokka (D:2)
  2 giant newts
  2 rats (D:2)
20 creatures vanquished.

Notes
Turn   | Place    | Note
--------------------------------------------------------------
     0 | D:1      | Gruud the Demonspawn Skald began the quest for the Orb.
     0 | D:1      | Reached XP level 1. HP: 16/16 MP: 3/3
   209 | D:2      | Gained mutation: You have a somewhat thin skeletal structure (Dex +2, Stealth). [demonic ancestry]
   209 | D:2      | Reached XP level 2. HP: 16/22 MP: 5/5
   234 | D:2      | Learned a level 2 spell: Shroud of Golubria
   237 | D:2      | Learned a level 2 spell: Song of Slaying
   326 | D:2      | Reached skill level 3 in Charms
   455 | D:2      | Reached XP level 3. HP: 27/27 MP: 6/6
   467 | D:2      | Slain by a gnoll

Vault maps used:
D:1:      matt_arrival_spirals, serial_bayou_pond_b
D:2:      serial_bayou_crossing

Action                   || total
-------------------------++-------
Melee: Hand axe          ||    71
 Fire: Hunting sling     ||     8
 Cast: Infusion          ||     2
